 Dungeon Crawl Stone Soup version 0.17-a0-1046-ga09e34d (webtiles) character file.

53 abixa the Firebug (level 3, 0/39 HPs)
             Began as a Hill Orc Fire Elementalist on May 15, 2015.
             Succumbed to an adder's poison
             ... on level 3 of the Dungeon.
             The game lasted 00:06:53 (1617 turns).

abixa the Firebug (Hill Orc Fire Elementalist)      Turns: 1617, Time: 00:06:53

Health: 0/39       AC: 21    Str: 10    XL:     3   Next: 89%
Magic:  2/5        EV:  2    Int: 16    God:
Gold:   51         SH:  0    Dex: 11    Spells: 2 memorised, 2 levels left

rFire  . . .     SeeInvis .     k - +0 short sword (venom)
rCold  . . .     Clarity  .     (armour currently unavailable)
rNeg   + + +     SustAb   .     (no shield)
rPois  +         Gourm    .     (helmet currently unavailable)
rElec  .         Spirit   .     (cloak currently unavailable)
rCorr  .         Warding  .     (gloves currently unavailable)
rMut   .         NoTele   +     (boots currently unavailable)
MR     .....                    (no amulet)
Stlth  ++........               (no ring)
                                m - ring of positive energy

@: lethally poisoned (0 -> -1), tree-form, not resistant to hostile
enchantments, unstealthy
A: no striking features
a: no special abilities


You were on level 3 of the Dungeon.
You were near starving.
You were a tree.
You visited 1 branch of the dungeon, and saw 3 of its levels.

You collected 51 gold pieces.

Inventory:

Hand weapons
 k - a +0 short sword of venom (weapon)
Missiles
 g - 93 stones (quivered)
 n - 26 arrows
Armour
 a - a +0 robe (melded)
 h - a +0 ring mail
Jewellery
 m - a ring of positive energy (left branch)
Scrolls
 d - 5 scrolls of identify {unknown}
 j - 2 scrolls of remove curse {unknown}
 o - a scroll of random uselessness {unknown}
 p - a scroll of blinking {unknown}
 q - a scroll of magic mapping {unknown}
Potions
 i - a potion of cancellation {unknown}
 l - a potion of mutation {unknown}
Books
 b - a book of Flames

   Spells                             Type                      Level
   a - Flame Tongue                   Conjuration/Fire             1
   b - Throw Flame                    Conjuration/Fire             2
   c - Conjure Flame                  Conjuration/Fire             3
   d - Inner Flame                    Hexes/Fire                   3
   e - Sticky Flame                   Conjuration/Fire             4
   f - Fireball                       Conjuration/Fire             5
Comestibles
 c - 2 bread rations
 f - 2 beef jerkies


   Skills:
 - Level 1.5 Dodging
 - Level 1.5 Stealth
 - Level 1.5 Spellcasting
 + Level 3.3 Conjurations
 + Level 3.6 Fire Magic


You had 2 spell levels left.
You knew the following spells:

 Your Spells              Type           Power        Failure   Level  Hunger
a - Flame Tongue          Conj/Fire      ##...        8%          1    ##.....
b - Throw Flame           Conj/Fire      ##....       10%         2    ###....


Dungeon Overview and Level Annotations

Branches:
Dungeon (3/15)

Altars:
Elyvilon
Nemelex Xobeh


Message History

You feel sick. The adder bites you.
* * * LOW HITPOINT WARNING * * *
Drink which item? (? for menu, Esc to quit)
It was a potion of lignification.
You turn into a tree.
Your roots penetrate the ground.
The adder bites you but does no damage.
You barely miss the adder.
The adder is almost dead.
* * * LOW HITPOINT WARNING * * *
You feel sick. The adder bites you but does no damage.
You hit the adder.
You kill the adder!
* * * LOW HITPOINT WARNING * * *
You feel sick.
There is a lethal amount of poison in your body!
* * * LOW HITPOINT WARNING * * *
You feel sick.
* * * LOW HITPOINT WARNING * * *
You feel sick.
You die...

#### #.. #.#
######.#
#####.♣†...#
#.....####.#
#.##<###.#
#.#
#......#.#
#..
#.##.....#
#.## #.
#.#.#.# #.#
.. ..<....#
#.. ..
##.#.....
### .
#.#......


There were no monsters in sight!

Vanquished Creatures
  An adder (D:3)
  An ooze (D:1)
  A worm (D:2)
  8 goblins
  3 hobgoblins
  10 bats
  2 giant cockroaches
  4 giant newts
  4 kobolds
  4 rats
38 creatures vanquished.

Notes
Turn   | Place    | Note
--------------------------------------------------------------
     0 | D:1      | abixa the Hill Orc Fire Elementalist began the quest for the Orb.
     0 | D:1      | Reached XP level 1. HP: 14/14 MP: 3/3
   165 | D:1      | Reached XP level 2. HP: 20/20 MP: 2/4
   185 | D:1      | Learned a level 2 spell: Throw Flame
   623 | D:1      | Reached XP level 3. HP: 20/26 MP: 5/5
   890 | D:2      | Found a white marble altar of Elyvilon.
  1396 | D:2      | Found a sparkling altar of Nemelex Xobeh.
  1609 | D:3      | HP: 1/39 [poisoned by an adder]
  1617 | D:3      | Succumbed to an adder's poison

Vault maps used:
D:1:      roderic_octagonal_star
D:2:      nemelex_xobeh_ov_fountains_minmay, old_standard_altar
D:3:      nicolae_dithmenos_through_a_glass_darkly, first_bread, uniq_iyjb

Action                   || total
-------------------------++-------
Melee: Unarmed           ||    10
       Dagger            ||    46
       Short sword       ||    43
 Cast: Flame Tongue      ||    24
  Use: Potion            ||     1
 Stab: Sleeping          ||     2
  Eat: Chunk             ||     1
